 Dungeon Crawl Stone Soup version 0.31-a0-931-g7b59d4eb97 (webtiles) character file.

Game seed: 2681232442893705122

29495 IdlyInterested the Prestidigitator (level 13, -4/111 HPs)
             Began as a Demonspawn Wanderer on Oct 19, 2023.
             Was an Initiate of Cheibriados.
             Slain by a fire crab (shapeshifter) (7 damage)
             ... on level 14 of the Dungeon.
             The game lasted 01:15:58 (15280 turns).

IdlyInterested the Prestidigitator (DsWn)          Turns: 15280, Time: 01:15:59

Health: -4/111     AC:  7    Str:  7    XL:     13   Next: 15%
Magic:  0/16       EV: 28    Int: 21    God:    Cheibriados [......]
Gold:   887        SH:  0    Dex: 34    Spells: 12/12 levels left

rFire   + . .        G - +5 short sword of For Ray {heavy, Dex+3}
rCold   + + .        (no shield)
rNeg    + + +        R - +2 robe {rC+}
rPois   +            y - +0 helmet
rElec   .            n - scarf {rC+ rF+}
rCorr   +            (no gloves)
SInv    +            F - +1 pair of boots of Birdsong {-Tele rCorr Int+3 SInv}
Will    ++...        r - amulet of the acrobat
Stlth   ++++++       L - ring "Qeliag" {rPois rF+ rN+++ Str-4 Int+6}
HPRegen 0.38/turn    C - ring "Isyban" {Ice Will+ Dex+3}
MPRegen 0.30/turn

%: no teleportation, acrobat, guardian spirit
@: slow
A: thin skeletal structure 2, magic shield, magic regeneration, demonic magic 1,
demonic touch 2, strong-willed 1, cold vulnerability 1, sturdy frame 1
a: Renounce Religion


You were on level 14 of the Dungeon.
You worshipped Cheibriados.
Cheibriados was noncommittal.
You visited 2 branches of the dungeon, and saw 15 of its levels.
You also visited: Gauntlet.

You collected 887 gold pieces.

Inventory:

Hand Weapons
 f - a +0 scimitar of flaming
 m - a +5 scimitar of freezing
 s - a +2 rapier of draining
 G - the +5 short sword of For Ray (weapon) {heavy, Dex+3}
   (You found it on level 4 of the Dungeon)

   Dex+3:     It affects your dexterity (+3).
Missiles
 b - 2 atropa-tipped darts
 d - 3 javelins
 h - 4 curare-tipped darts
 p - 11 boomerangs (quivered)
 O - 3 throwing nets
 P - 16 poisoned darts
 Y - 2 datura-tipped darts
Armour
 c - a +2 buckler of reflection
 n - a scarf of resistance (worn)
 y - a +0 helmet (worn)
 F - the +1 pair of boots of Birdsong (worn) {-Tele rCorr Int+3 SInv}
   (You found it in a Gauntlet)

   Int+3:     It affects your intelligence (+3).
   SInv:      It lets you see invisible.
   -Tele:     It prevents most forms of teleportation.
   rCorr:     It protects you from acid and corrosion.
 K - an orb of mayhem
 N - +0 steam dragon scales
 R - a +2 robe of cold resistance (worn)
 W - a +2 leather armour of positive energy
Jewellery
 r - an amulet of the acrobat (around neck)
 x - a ring of ice
 C - the ring "Isyban" (right hand) {Ice Will+ Dex+3}
   (You found it in a Gauntlet)

   [ring of ice]

   Ice:       It enhances your ice magic.
   Dex+3:     It affects your dexterity (+3).
   rF-:       It makes you vulnerable to fire.
   rC+:       It protects you from cold.
   Will+:     It increases your willpower.
 L - the ring "Qeliag" (left hand) {rPois rF+ rN+++ Str-4 Int+6}
   (You took it off a minotaur in a Gauntlet)

   [ring of intelligence]

   Str-4:     It affects your strength (-4).
   Int+6:     It affects your intelligence (+6).
   rF+:       It protects you from fire.
   rPois:     It protects you from poison rN+++: It renders you almost immune to
   negative energy.
 Q - an amulet of faith
Wands
 a - a wand of light (11)
 j - a wand of charming (3)
 u - a wand of flame (8)
 J - a wand of roots (10)
 T - a wand of mindburst (9)
Scrolls
 t - 2 scrolls of poison
 w - 3 scrolls of vulnerability
 B - a scroll of silence
 E - 2 scrolls of enchant weapon
 H - a scroll of immolation
 V - a scroll of torment
 X - 6 scrolls of teleportation
Potions
 g - a potion of cancellation
 i - a potion of might
 o - a potion of haste
 q - a potion of brilliance
 v - a potion of attraction
 z - 3 potions of curing
 A - a potion of resistance
 I - 2 potions of mutation
 U - a potion of magic
Miscellaneous
 Z - a tin of tremorstones (2/2)


   Skills:
 - Level 13.0 Fighting
 * Level 4.4(5.0) Short Blades
 - Level 3.5(4.6) Long Blades
 - Level 6.0 Throwing
 - Level 4.0 Armour
 + Level 12.4 Dodging
 - Level 4.1 Stealth
 - Level 4.0 Shields
 - Level 0.2 Spellcasting
 - Level 4.0 Invocations
 - Level 14.2 Evocations


You had 12 spell levels left.
You didn't know any spells.
Your spell library contained the following spells:

 Spells                   Type           Power      Damage    Failure   Level
 Apportation              Tloc           0%         N/A       19%         1
 Slow                     Hex            0%         N/A       19%         1
 Cigotuvi's Dreadful Rot  Necr/Pois/Air  0%         N/A       26%         2
 Jinxbite                 Hex            0%         N/A       26%         2
 Lesser Beckoning         Tloc           0%         N/A       26%         2
 Sublimation of Blood     Necr           0%         N/A       26%         2
 Confusing Touch          Hex            0%         N/A       47%         3
 Dazzling Flash           Conj/Hex       0%         N/A       47%         3
 Frozen Ramparts          Ice            0%         1d1       47%         3
 Gell's Gravitas          Tloc           0%         N/A       47%         3
 Inner Flame              Hex/Fire       0%         N/A       47%         3
 Sigil of Binding         Hex            0%         N/A       47%         3
 Teleport Other           Tloc           0%         N/A       47%         3
 Vampiric Draining        Necr           0%         2d6       47%         3
 Volatile Blastmotes      Fire/Tloc      0%         2d10      47%         3
 Brom's Barrelling Bould  Conj/Erth      0%         2d3       87%         4
 Dispel Undead            Necr           0%         3d6       87%         4
 Leda's Liquefaction      Hex/Erth       0%         N/A       87%         4
 Petrify                  Tmut/Erth      0%         N/A       87%         4
 Alistair's Intoxication  Tmut/Pois      0%         N/A       99%         5
 Metabolic Englaciation   Hex/Ice        0%         N/A       99%         5
 Yara's Violent Unravell  Hex/Tmut       0%         3d3       99%         5
 Death Channel            Necr           0%         N/A       100%        6
 Starburst                Conj/Fire      0%         6d3       100%        6
 Enfeeble                 Hex            0%         N/A       100%        7
 Maxwell's Capacitive Co  Air            0%         ∞         100%        8


Dungeon Overview and Level Annotations

Branches:
Dungeon (14/15)            Temple (1/1) D:4            Lair (0/5) D:8
    Orc (0/2) D:12         Vaults (0/5) D:14        Gauntlet (visited)

Altars:
Ashenzari
Cheibriados
Dithmenos
Fedhas
Gozag
Hepliaklqana
Kikubaaqudgha
Makhleb
Nemelex Xobeh
Okawaru
Qazlal
Ru
Sif Muna
Trog
Uskayaw
Vehumet
Wu Jian
Xom
Yredelemnul


Innate Abilities, Weirdness & Mutations

You have a moderately thin skeletal structure. (Dex +4, Stealth++)
When hurt, damage is shared between your health and your magic reserves.
You regenerate magic rapidly.
Spells you cast may paralyse adjacent enemies.
Your touch may inflict irresistible damage on your foes.
You are strong-willed. (Will+)
You are vulnerable to cold. (rC-)
Your movements are slightly less encumbered by armour. (ER -2)


Message History

The centaur warrior kicks you but does no damage.
The green ugly thing basks in the mutagenic energy from its kin and changes!
You impale the centaur warrior!!
You kill the centaur warrior!
Cheibriados thoroughly appreciates the change of pace.
You feel sick.
You hit the red ugly thing.
You touch the red ugly thing!
The red ugly thing is moderately wounded.
The red ugly thing closely misses you.
You hit the red ugly thing.
The red ugly thing is moderately wounded.
You feel sick.
The red ugly thing completely misses you.
You puncture the red ugly thing!
The red ugly thing is heavily wounded.
You feel sick. The red ugly thing closely misses you.
The white ugly thing basks in the mutagenic energy from its kin and changes!
You impale the red ugly thing!!
The red ugly thing is severely wounded.
You feel sick. The red ugly thing closely misses you.
You puncture the red ugly thing!
You kill the red ugly thing!
Cheibriados appreciates the change of pace.
You puncture the fire crab!
You touch the fire crab!
The fire crab is moderately wounded.
You feel sick.
You are no longer poisoned.
The fire crab bites you!
* * * LOW HITPOINT WARNING * * *
You are engulfed in flames.
You resist.
* * * LOW HITPOINT WARNING * * *
The fire crab claws you but does no damage.
The fire crab bites you.
* * * LOW HITPOINT WARNING * * *
You are engulfed in flames.
You resist.
* * * LOW HITPOINT WARNING * * *
The fire crab claws you.
* * * LOW HITPOINT WARNING * * *
You are engulfed in flames!
You resist.
You die...

. .. ...
### ....
#.# ...(.
#.##....(#
#.@tu...∩#
#<##u..###
### .....
.#.# ...
.# #


You could see 2 ugly things and a fire crab.

Vanquished Creatures
  A minotaur (Gauntlet)
  5 slime creatures
  Snorg (D:10)
  Fannar (D:10)
  A centaur warrior (D:14)
  7 two-headed ogres
  The ghost of deremet the Covert, a novice GnDe of Hepliaklqana (D:9)
  3 skeletal warriors (D:13)
  An orc knight (D:12)
  A deep elf pyromancer (D:13)
  A manticore (D:13)
  2 ugly things
  A moth of wrath (Gauntlet)
  A cyclops (D:13)
  Joseph (D:8)
  A gargoyle (D:11)
  A torpor snail (shapeshifter) (D:14)
  Jeremiah (D:6)
  An unseen horror (D:11)
  An unseen horror zombie (D:9)
  An efreet (Gauntlet)
  3 trolls
  3 dream sheep (D:7)
  3 wraiths
  2 shadows (D:10)
  5 wyverns
  A basilisk (D:13)
  A yak (shapeshifter) (D:14)
  Eustachio (D:6)
  A fire elemental (Gauntlet)
  13 yaks
  12 vampire mosquitoes
  3 wargs (D:8)
  A hell hound (Gauntlet)
  2 water moccasins
  An ice beast (shapeshifter) (D:13)
  An ice beast (D:6)
  6 orc warriors
  5 wolves (Gauntlet)
  3 centaurs
  2 ogres
  A phantom (D:6)
  A kobold brigand (D:8)
  4 bullfrogs
  Blork the orc (D:4)
  A gnoll sergeant (D:9)
  5 scorpions
  17 wights
  11 killer bees
  An electric eel (D:13)
  4 howler monkeys
  A centaur zombie (D:9)
  3 hounds
  3 jellies
  7 orc priests
  3 gnoll boudas
  A sleepcap (D:5)
  Natasha (thrice) (D:2)
  3 iguanas
  8 orc wizards
  8 gnolls
  11 adders
  A shadow imp (D:7)
  A white imp (D:8)
  A worm (D:2)
  5 dart slugs
  31 orcs
  4 bats
  3 endoplasms
  6 giant cockroaches
  6 goblins
  5 hobgoblins
  2 jackals (D:5)
  5 quokkas
  8 ball pythons
  2 frilled lizards (D:2)
  12 kobolds
  3 rats
295 creatures vanquished.

Vanquished Creatures (collateral kills)
  A boulder beetle (D:12)
  Maggie (D:6)
  A yak (D:11)
  A black bear (D:6)
  A bullfrog (D:9)
  A gnoll sergeant (D:12)
  A wight (D:8)
  2 hounds (D:6)
  An orc priest (D:8)
  3 orc wizards
  An adder (D:6)
  5 gnolls
  A shadow imp (D:8)
  4 orcs
24 creatures vanquished.

Vanquished Creatures (others)
  A yak (D:11)
  An orc wizard (D:9)
  A gnoll (D:8)
3 creatures vanquished.

Grand Total: 322 creatures vanquished

Notes
Turn   | Place    | Note
-------+----------+-------------------------------------------
     0 | D:1      | IdlyInterested the Demonspawn Wanderer began the quest for
                  | the Orb.
     0 | D:1      | IdlyInterested set off with the following items: a +0
                  | dagger, 2 atropa-tipped darts, 2 datura-tipped darts, a +0
                  | short sword, a +0 pair of gloves, a potion of haste, a +0
                  | robe.
     0 | D:1      | Reached XP level 1. HP: 16/16 MP: 1/1
   238 | D:1      | Reached skill level 1 in Throwing
   238 | D:1      | Gained mutation: Your touch may inflict minor irresistible
                  | damage on your foes. [demonic ancestry]
   238 | D:1      | Reached XP level 2. HP: 20/22 MP: 2/2
  1150 | D:2      | Reached XP level 3. HP: 28/28 MP: 3/3
  1322 | D:2      | Noticed Natasha
  1334 | D:2      | Killed Natasha
  1416 | D:2      | Gained mutation: You have a somewhat thin skeletal
                  | structure. (Dex +2, Stealth+) [demonic ancestry]
  1416 | D:2      | Reached XP level 4. HP: 29/34 MP: 4/4
  1457 | D:2      | Noticed Natasha
  1472 | D:2      | Killed Natasha
  1805 | D:2      | Noticed Natasha
  1866 | D:2      | Killed Natasha
  1925 | D:3      | Reached XP level 5. HP: 33/41 MP: 5/5
  1928 | D:3      | Found a shadowy altar of Dithmenos.
  2438 | D:3      | Found a faded altar of an unknown god.
  2809 | D:4      | Found a hide-covered altar of Uskayaw.
  3076 | D:4      | Noticed Blork the orc
  3085 | D:4      | Killed Blork the orc
  3086 | D:4      | Gained mutation: You regenerate magic rapidly. [demonic
                  | ancestry]
  3086 | D:4      | Reached XP level 6. HP: 48/48 MP: 7/7
  3235 | D:4      | Reached skill level 1 in Evocations
  3341 | D:4      | Found a staircase to the Ecumenical Temple.
  3356 | Temple   | Entered the Ecumenical Temple
  3626 | D:4      | Identified the +5 short sword of For Ray {heavy, Dex+3}
  3646 | D:4      | Reached XP level 7. HP: 41/55 MP: 8/8
  3852 | D:5      | Entered Level 5 of the Dungeon
  3862 | D:5      | Reached skill level 5 in Throwing
  4096 | D:5      | Found a bloodstained altar of Trog.
  4130 | D:5      | Found a blossoming altar of Fedhas.
  4264 | D:5      | Found a radiant altar of Vehumet.
  4286 | D:5      | Found an ornate altar of the Wu Jian Council.
  4630 | D:5      | Found a hazy altar of Hepliaklqana.
  4869 | D:6      | Noticed Jeremiah
  4884 | D:6      | Reached skill level 2 in Evocations
  4930 | D:6      | Noticed a wyvern
  4933 | D:6      | Killed Jeremiah
  4934 | D:6      | Reached skill level 5 in Fighting
  4934 | D:6      | Reached XP level 8. HP: 19/63 MP: 2/9
  4949 | D:6      | Reached skill level 5 in Dodging
  5145 | D:6      | Noticed Eustachio
  5182 | D:6      | Killed Eustachio
  5188 | D:6      | Identified the +0 mace "Uskeyr" {freeze, Will+}
  5196 | D:6      | Noticed Maggie
  5219 | D:6      | Killed Maggie
  5220 | D:6      | Gained mutation: You have a moderately thin skeletal
                  | structure. (Dex +4, Stealth++) [demonic ancestry]
  5220 | D:6      | Reached XP level 9. HP: 20/72 MP: 2/10
  5679 | D:6      | Found a burning altar of Makhleb.
  6496 | D:7      | Reached skill level 10 in Dodging
  6577 | D:7      | Found an iron altar of Okawaru.
  6791 | D:7      | Found a sparkling altar of Nemelex Xobeh.
  6943 | D:8      | Noticed Joseph
  6951 | D:8      | Killed Joseph
  6957 | D:8      | Reached XP level 10. HP: 76/83 MP: 11/11
  7224 | D:8      | Found an opulent altar of Gozag.
  7243 | D:8      | Reached skill level 10 in Fighting
  7297 | D:8      | Found a staircase to the Lair.
  7336 | D:8      | Reached skill level 1 in Long Blades
  7828 | D:8      | Reached skill level 3 in Evocations
  8155 | D:9      | Reached skill level 4 in Evocations
  8218 | D:9      | Noticed deremet's ghost (novice GnDe)
  8218 | D:9      | Found a runed translucent door.
  8348 | D:9      | Gained mutation: You are strong-willed. (Will+) [potion of
                  | mutation]
  8348 | D:9      | Gained mutation: You are vulnerable to cold. (rC-) [potion
                  | of mutation]
  8348 | D:9      | Gained mutation: Your movements are slightly less
                  | encumbered by armour. (ER -2) [potion of mutation]
  8465 | D:9      | Reached skill level 5 in Evocations
  8590 | D:9      | Reached skill level 6 in Evocations
  8661 | D:9      | Reached skill level 7 in Evocations
  8932 | D:9      | Found a basalt altar of Yredelemnul.
  8961 | D:9      | Gained mutation: Your touch may inflict irresistible damage
                  | on your foes. [demonic ancestry]
  8961 | D:9      | Reached XP level 11. HP: 75/91 MP: 12/12
  9058 | D:9      | Noticed a two-headed ogre
  9071 | D:9      | Killed a two-headed ogre
  9072 | D:9      | Reached skill level 8 in Evocations
  9084 | D:9      | Identified the +0 chain mail "Duec" {Harm rPois Stlth+}
  9507 | D:9      | Killed deremet's ghost
  9508 | D:9      | Reached skill level 9 in Evocations
  9598 | D:10     | Entered Level 10 of the Dungeon
  9761 | D:10     | Noticed Snorg
  9769 | D:10     | Killed Snorg
  9770 | D:10     | Reached skill level 10 in Evocations
 10252 | D:10     | Reached skill level 1 in Shields
 10405 | D:10     | Noticed Fannar
 10418 | D:10     | Killed Fannar
 10419 | D:10     | Reached skill level 11 in Evocations
 10552 | D:10     | Noticed a two-headed ogre
 10556 | D:10     | Killed a two-headed ogre
 10855 | D:11     | Reached skill level 12 in Evocations
 11117 | D:11     | Noticed a two-headed ogre
 11127 | D:11     | Killed a two-headed ogre
 11270 | D:11     | Noticed a two-headed ogre
 11277 | D:11     | Killed a two-headed ogre
 11278 | D:11     | Reached skill level 13 in Evocations
 11509 | D:11     | Noticed a two-headed ogre
 11521 | D:11     | Gained mutation: When hurt, damage is shared between your
                  | health and your magic reserves. [demonic ancestry]
 11521 | D:11     | Reached XP level 12. HP: 48/99 MP: 6/14
 11554 | D:11     | Killed a two-headed ogre
 11754 | D:11     | Reached skill level 14 in Evocations
 11967 | D:12     | Noticed a two-headed ogre
 11982 | D:12     | Killed a two-headed ogre
 12056 | D:12     | Found a staircase to the Orcish Mines.
 12204 | D:12     | Killed a boulder beetle
 12446 | D:12     | Noticed a two-headed ogre
 12457 | D:12     | Killed a two-headed ogre
 13015 | Gauntlet | Identified the of Athraos
 13015 | Gauntlet | Identified the "Huis"
 13237 | D:13     | Found a gate leading to a gauntlet.
 13246 | Gauntlet | Entered a Gauntlet
 13246 | Gauntlet | Found a transporter.
 13410 | Gauntlet | Found a transporter.
 13427 | Gauntlet | Found a transporter.
 13435 | Gauntlet | Found a transporter.
 13458 | Gauntlet | Found a transporter.
 13472 | Gauntlet | Found a transporter.
 13472 | Gauntlet | Noticed a death yak
 13473 | Gauntlet | Noticed a death yak
 13473 | Gauntlet | Noticed a death yak
 13478 | Gauntlet | Noticed a death yak
 13478 | Gauntlet | Noticed a death yak
 13503 | Gauntlet | Found a transporter.
 13508 | Gauntlet | Found a transporter.
 13510 | Gauntlet | Found a transporter.
 13524 | Gauntlet | Noticed a blizzard demon
 13540 | Gauntlet | Found a transporter.
 13542 | Gauntlet | Found a transporter.
 13556 | Gauntlet | Found a transporter.
 13565 | Gauntlet | Found a transporter.
 13570 | Gauntlet | Found a transporter.
 13572 | Gauntlet | Found a transporter.
 13595 | Gauntlet | Found a transporter.
 13596 | Gauntlet | Noticed a great orb of eyes
 13600 | Gauntlet | Found a transporter.
 13649 | Gauntlet | Found a transporter.
 13914 | Gauntlet | Identified the ring "Isyban" {Ice Will+ Dex+3}
 13916 | Gauntlet | Identified the +1 pair of boots of Birdsong {-Tele rCorr
                  | Int+3 SInv}
 14034 | Gauntlet | Identified the ring "Qeliag" {rPois rF+ rN+++ Str-4 Int+6}
 14034 | Gauntlet | Noticed a minotaur
 14038 | Gauntlet | Killed a minotaur
 14179 | D:13     | Gained mutation: Spells you cast may paralyse adjacent
                  | enemies. [demonic ancestry]
 14179 | D:13     | Reached XP level 13. HP: 111/111 MP: 16/16
 14977 | Temple   | Became a worshipper of Cheibriados the Contemplative
 15250 | D:14     | Found a gate to the Vaults.
 15280 | D:14     | HP: 3/111 [fire crab (shapeshifter) (4)]
 15280 | D:14     | Slain by a fire crab (shapeshifter)

Illustrated notes

Levels and vault maps discovered:
D:1:      dpeg_arrival_arbitrary_b, layout_basic
D:2:      layout_basic, minmay_tree_intersection, hex_medium, minmay_surrounded,
          uniq_natasha
D:3:      layout_rooms, mainiacjoe_overflow_paths, serial_corexii_hall,
          corexii_hall_statues_deadend, corexii_hall_statues_l,
          shapermc_ecumenical_altar_mp_vishouse
D:4:      layout_gridville, mainiacjoe_overflow_24_doors,
          minmay_temple_entry_grid, minmay_manual_maat, uniq_blork_the_orc
D:5:      layout_loops_cross, nicolae_vehumet_altar_sigil, marbit_many_paths,
          amcnicky_altar_gilded, kennysheep_mini_moat,
          nicolae_wu_jian_immortal_techniques, minmay_misc_feat_plants
D:6:      layout_rooms, makhleb_heckhound_becter, minmay_manual_monstrance,
          uniq_eustachio, uniq_maggie, uniq_jeremiah
D:7:      layout_loops_ring, lemuel_crystal_altar, nemelex_dance_club_becter,
          minmay_statues_item, dreamdust_gnoll_shepherd
D:8:      layout_basic, mainiacjoe_overflow_brackets, erik_lair_orcish_takeover,
          kennysheep_opposing_triangles, uniq_joseph
D:9:      kennysheep_ambush_hall, layout_irregular_city,
          lemuel_zombie_altar_yredelemnul, hellmonk_ghost_happy_afterlife
D:10:     layout_loops_cross, kennysheep_generic_room_4, uniq_fannar, uniq_snorg
D:11:     layout_gridville
D:12:     layout_roguey, orc_0_dummy
D:13:     layout_roguey, gauntlet_entry_generic, corner_web_ring,
          nicolae_elyvilon_temple_path
D:14:     layout_basic, david_vaults_2, hangedman_abyss_or_decor_passed
Temple:   hellmonk_temple_rainy

Skill      XL: |  1  2  3  4  5  6  7  8  9 10 11 12 13 |
---------------+----------------------------------------+-----
Throwing       | 1 2 3 4 6 |  6.0
Dodging        | 2 4 7 10 11 12 | 12.4
Fighting       | 3 4 5 7 9 10 13 | 13.0
Stealth        | 2 4 |  4.1
Invocations    | 2 3 4 |  4.0
Evocations     | 1 2 7 13 14 | 14.2
Short Blades   | 2 3 4 |  4.4
Armour         | 2 3 4 |  4.0
Long Blades    | 2 3 |  3.5
Shields        | 3 4 |  4.0
Spellcasting   | |  0.2

Action                     |  1- 3 |  4- 6 |  7- 9 | 10-12 | 13-15 || total
---------------------------+-------+-------+-------+-------+-------++-------
  Melee: Rapier            |    20 |       |       |       |       ||    20
         Dagger            |    59 |   153 |   128 |       |       ||   340
         Touch             |    13 |    33 |    40 |   110 |    16 ||   212
         Punch             |     1 |     4 |     3 |     4 |       ||    12
         Short sword       |       |     7 |    41 |       |    23 ||    71
         Scimitar          |       |       |    35 |   441 |    17 ||   493
  Throw: Stone             |     5 |    31 |    15 |    73 |       ||   124
         Dart              |       |     1 |     8 |    30 |       ||    39
         Boomerang         |       |       |    11 |     4 |     4 ||    19
         Javelin           |       |       |       |       |     2 ||     2
  Evoke: Wand              |       |       |     3 |     4 |       ||     7
         Tin of tremorston |       |       |       |     1 |       ||     1
    Use: Potion            |     1 |       |     6 |    10 |     1 ||    18
         Scroll            |       |       |     4 |    11 |     1 ||    16
   Stab: Sleeping          |     4 |    12 |    14 |    12 |     2 ||    44
         Distracted        |       |     1 |       |     1 |       ||     2
 Armour: Robe              |    21 |       |       |    88 |    24 ||   133
         Leather armour    |     9 |    27 |    20 |    79 |       ||   135
         Scale mail        |       |    22 |    92 |       |       ||   114
         Skin              |       |       |     3 |       |       ||     3
  Dodge: Dodged            |    30 |    55 |   110 |   625 |    52 ||   872

Table legend: (Time is in decaauts)
 A = Elapsed time spent in this place.
 B = Non-inter-level travel time spent in this place.
 C = Inter-level travel time spent in this place.
 D = Time resting spent in this place.
 E = Time spent auto-exploring this place.
 F = Levels seen in this place.
 G = Mean time per level.
                   A        B        C        D        E       F      G
               +--------+--------+--------+--------+--------+-----+--------+
         Total |  15285 |  13120 |   2165 |   1566 |   7469 |  16 |  955.3 |
       Dungeon |  14369 |  12222 |   2147 |   1319 |   7452 |  14 | 1026.4 |
        Temple |     21 |      3 |     18 |      0 |      0 |   1 |   21.0 |
      Gauntlet |    894 |    894 |      0 |    247 |     17 |   1 |  894.0 |
               +--------+--------+--------+--------+--------+-----+--------+

Top non-repeatable levels by time:
     D:9: 1486 daAuts
     D:4: 1433 daAuts
     D:8: 1314 daAuts
    D:10: 1266 daAuts
     D:5: 1151 daAuts
    D:12: 1120 daAuts
     D:7: 1108 daAuts
    D:11: 1106 daAuts
     D:1: 1053 daAuts
    D:13: 1007 daAuts
Gauntlet: 894 daAuts
     D:2: 870 daAuts
     D:6: 802 daAuts
     D:3: 612 daAuts
    D:14: 34 daAuts
